 Dungeon Crawl Stone Soup version 0.30.1-9-gdf580d7c3d (webtiles) character file.

Game seed: 16415143553538609616

1099 Amplified the Trooper (level 8, -1/64 HPs)
             Began as a Formicid Delver on Oct 14, 2023.
             Slain by an orc warrior
             ... wielding a +0 war axe
              (16 damage)
             ... on level 9 of the Dungeon.
             The game lasted 00:10:07 (4284 turns).

Amplified the Trooper (Formicid Delver)             Turns: 4284, Time: 00:10:07

Health: -1/64      AC: 11    Str: 18    XL:     8   Next: 57%
Magic:  8/8        EV: 13    Int: 11    God:
Gold:   261        SH:  0    Dex: 15    Spells: 7/7 levels left

rFire   + . .        a - +1 spear (protect)
rCold   + . .        (no shield)
rNeg    . . .        b - +1 leather armour
rPois   +            (helmet unavailable)
rElec   +            (no cloak)
rCorr   +            (no gloves)
SInv    +            (no boots)
Will    .....        (no amulet)
Stlth   +++          (no ring)
HPRegen 0.30/turn    (no ring)
MPRegen 0.11/turn

%: no passive effects
@: brilliant, resistant, under a protective aura
A: permanent stasis, dig shafts and tunnels, antennae 3, four strong arms
a: Dig, Shaft Self


You were on level 9 of the Dungeon.
You visited 1 branch of the dungeon, and saw 8 of its levels.
You also visited: Bailey.

You collected 261 gold pieces.

Inventory:

Hand Weapons
 a - a +1 spear of protection (weapon)
 k - a +3 whip
 r - a +0 antimagic sling
Armour
 b - a +1 leather armour (worn)
Wands
 f - a wand of digging (3)
Scrolls
 c - a scroll of fog
 l - a scroll of amnesia
 m - a scroll of butterflies
 n - a scroll of teleportation
Potions
 h - a potion of haste


   Skills:
 * Level 6.2 Fighting
 * Level 5.0 Polearms
 * Level 5.0 Armour
 * Level 4.5 Dodging
 - Level 6.0 Stealth


You had 7 spell levels left.
You didn't know any spells.
Your spell library contained the following spells:

 Spells                   Type           Power      Damage    Failure   Level
 Slow                     Hex            0%         N/A       38%         1
 Static Discharge         Conj/Air       0%         2-2/arc   54%         2
 Confusing Touch          Hex            0%         N/A       77%         3
 Vampiric Draining        Necr           0%         2d6       77%         3
 Airstrike                Air            0%         2d(0-16)  99%         4
 Summon Lightning Spire   Summ/Air       0%         N/A       99%         4


Dungeon Overview and Level Annotations

Branches:
Dungeon (9/15)               Lair (0/5) D:8          Bailey (visited)
 Temple: D:4-7          Orc: D:9-12

Altars:
Wu Jian
The Shining One

Shops:
D:4 [

Annotations:
D:5 Eustachio, Grinder
D:8 1 runed translucent door, Onni's ghost, novice TrBe


Innate Abilities, Weirdness & Mutations

You cannot be hasted, slowed, berserked, paralysed or teleported.
You can dig through walls and to a lower floor.
You have a pair of large antennae on your head. (SInv)
Your four strong arms can wield two-handed weapons with a shield.


Message History

You hit the orc warrior.
The orc warrior is severely wounded.
The orc warrior hits you with a +0 war axe.
You closely miss the orc warrior.
The orc warrior is severely wounded.
The orc warrior misses you.
You hit the orc warrior.
The orc warrior is almost dead.
Unknown command.
It was a potion of magic.
Magic courses through your body.
The orc warrior hits you but does no damage.
Unknown command.
You hit the orc warrior.
The orc warrior is almost dead.
The orc warrior barely misses you.
Unknown command.
You closely miss the orc warrior.
The orc warrior is almost dead.
The orc warrior hits you but does no damage.
You hit the orc warrior.
The orc warrior is almost dead.
The orc warrior hits you with a +0 war axe.
* * * LOW HITPOINT WARNING * * *
Unknown command.
You hit the orc warrior but do no damage.
The orc warrior is almost dead.
The orc warrior hits you with a +0 war axe.
* * * LOW HITPOINT WARNING * * *
It was a potion of brilliance.
You feel clever all of a sudden.
You float gracefully downwards.
The orc warrior closely misses you.
Unknown command.
You feel better.
The orc warrior hits you with a +0 war axe!
* * * LOW HITPOINT WARNING * * *
Unknown command.
You hit the orc warrior but do no damage.
The orc warrior is almost dead.
The orc warrior hits you with a +0 war axe!
You die...

.# .# .#
########.#
.........#
.........#
.≈.....o.##
~~.....@..#
.~~~.....##
.........#
.........#
.........#
.........#
.........#
.[...#####


You could see an orc warrior.

Vanquished Creatures
  A wraith (D:8)
  2 orc warriors (Bailey)
  An ogre (D:3)
  A black bear (D:8)
  3 centaurs
  A wight (D:4)
  Terence (D:2)
  An iguana (D:5)
  Robin (D:3)
  6 gnolls
  3 adders
  A shadow imp (D:5)
  A white imp (D:5)
  3 worms (D:2)
  3 dart slugs
  4 orcs (D:3)
  4 ball pythons
  9 bats
  11 endoplasms
  7 giant cockroaches
  21 goblins
  16 hobgoblins
  3 jackals (D:2)
  6 kobolds
  7 quokkas
  2 frilled lizards
  7 rats
126 creatures vanquished.

Notes
Turn   | Place    | Note
-------+----------+-------------------------------------------
     0 | D:5      | Amplified the Formicid Delver began the quest for the Orb.
     0 | D:5      | Reached XP level 1. HP: 18/18 MP: 1/1
    93 | D:4      | Found Pigopaff's Antique Armour Boutique.
   125 | D:4      | Noticed a wight
   167 | D:5      | Reached XP level 2. HP: 24/24 MP: 2/2
   203 | D:4      | Noticed a wight
   203 | D:4      | Noticed a wight
   300 | D:5      | Noticed a centaur
   328 | D:5      | Identified the +0 whip "Demonbane" {vamp, Will+}
   359 | D:5      | Reached skill level 1 in Armour
   359 | D:5      | Reached XP level 3. HP: 30/30 MP: 3/3
   413 | D:5      | Noticed Eustachio
   449 | D:5      | Noticed a black bear
   455 | D:5      | Reached XP level 4. HP: 19/37 MP: 4/4
   498 | D:5      | Noticed Grinder
   527 | D:4      | Noticed Robin
   688 | D:3      | Noticed an ogre
   817 | D:2      | Found a glowing golden altar of the Shining One.
  1010 | D:2      | Found an ornate altar of the Wu Jian Council.
  1047 | D:2      | Reached XP level 5. HP: 42/42 MP: 5/5
  2147 | D:2      | Noticed Terence
  2208 | D:2      | Killed Terence
  2209 | D:2      | Reached XP level 6. HP: 27/49 MP: 6/6
  2895 | D:3      | Killed an ogre
  3282 | D:3      | Killed Robin
  3431 | D:4      | Noticed a water moccasin
  3449 | D:4      | Reached skill level 5 in Fighting
  3449 | D:4      | Reached XP level 7. HP: 33/54 MP: 7/7
  3461 | D:4      | You fall into a shaft and drop 2 floors!
  3656 | D:6      | Noticed a vampire
  3712 | D:5      | You fall into a shaft and drop 3 floors!
  3766 | D:8      | Found a runed translucent door.
  3769 | D:8      | Noticed Onni's ghost (novice TrBe)
  3867 | D:8      | Found a flagged portal.
  3867 | D:8      | Noticed a wraith
  3891 | D:8      | Killed a wraith
  3892 | D:8      | Reached XP level 8. HP: 41/64 MP: 8/8
  4006 | Bailey   | Entered a bailey
  4079 | Bailey   | Reached skill level 5 in Polearms
  4079 | Bailey   | Reached skill level 5 in Armour
  4284 | D:9      | Slain by an orc warrior

Illustrated notes

Levels and vault maps discovered:
D:1:      saegor_arrival_under_anarchy, layout_basic, minmay_misc_feat_pillars
D:2:      wad_woods_stonehenge, layout_basic, serial_bayou, serial_bayou_pond_b,
          serial_bayou_lagoon_a, serial_bayou_pond_c, serial_bayou_ford_a,
          basic_altar, serial_park_tiny_pond, uniq_terence
D:3:      layout_rooms
D:4:      layout_layer_cave, lemuel_coloured_pillars_altar, serial_shops,
          nicolae_shop_real_fake_doors, kennysheep_little_box,
          nicolae_shop_bloodbath_and_beyond, shop, portal_sewer_entry_f,
          uniq_robin
D:5:      layout_cave_pools, chequers_serial_rivers_small_3,
          minmay_misc_feat_columns, grunt_ministairs_15, chequers_avenue,
          uniq_grinder, uniq_eustachio
D:6:      layout_layer_cave, minmay_temple_entry_mist,
          hellmonk_ghost_happy_afterlife, minmay_small_thing
D:8:      layout_basic, minmay_lair_entry_grove, gammafunk_ghost_grave,
          enter_bailey_5
D:9:      layout_basic

Skill      XL: |  1  2  3  4  5  6  7  8 |
---------------+-------------------------+-----
Dodging        | 2 3 4 |  4.5
Armour         | 1 2 3 4 5 |  5.0
Fighting       | 4 5 6 |  6.2
Polearms       | 3 4 5 |  5.0
Stealth        | |  6.0

Action                     |  1- 3 |  4- 6 |  7- 9 || total
---------------------------+-------+-------+-------++-------
  Melee: Spear             |    51 |   343 |   119 ||   513
         Punch             |     1 |     2 |     1 ||     4
  Throw: Dart              |       |       |     2 ||     2
Ability: Dig               |       |     1 |       ||     1
         Shaft Self        |       |       |     2 ||     2
  Evoke: Wand              |       |       |     5 ||     5
    Use: Potion            |     2 |     4 |    13 ||    19
         Scroll            |       |    10 |     4 ||    14
   Stab: Sleeping          |     2 |    19 |       ||    21
 Armour: Skin              |    18 |     5 |    10 ||    33
         Leather armour    |     3 |    71 |    59 ||   133
  Dodge: Dodged            |    18 |   145 |   107 ||   270
